 Dungeon Crawl Stone Soup version 0.26.1-2-gb8aa6d0cf2 (webtiles) character file.

Game seed: 16733389582686392972

64 nightchill the Poker (level 4, -3/35 HPs)
             Began as a Merfolk Gladiator on Mar 19, 2021.
             Slain by a goblin (5 damage)
             ... led by Robin
             ... on level 2 of the Dungeon.
             The game lasted 00:02:02 (807 turns).

nightchill the Poker (Merfolk Gladiator)             Turns: 807, Time: 00:02:02

Health: -3/35      AC:  4    Str: 15    XL:     4   Next: 12%
Magic:  4/4        EV: 14    Int:  7    God:
Gold:   52         SH:  0    Dex: 15    Spells: 3/3 levels left

rFire    . . .     SeeInvis .   a - +0 trident
rCold    . . .     Faith    .   (no shield)
rNeg     . . .     Spirit   .   b - +0 leather armour
rPois    .         Reflect  .   c - +0 helmet
rElec    .         Harm     .   (no cloak)
rCorr    .         Rampage  .   (no gloves)
Will     .....                  (no boots)
Stlth    +.........             (no amulet)
HPRegen  0.11/turn              (no ring)
MPRegen  0.09/turn              (no ring)

@: no status effects
A: change form in water, swift swim, stealthy swim
a: no special abilities


You were on level 2 of the Dungeon.
You visited 1 branch of the dungeon, and saw 2 of its levels.

You collected 52 gold pieces.

Inventory:

Hand Weapons
 a - a +0 trident (weapon)
Missiles
 d - a throwing net (quivered)
Armour
 b - a +0 leather armour (worn)
 c - a +0 helmet (worn)
Jewellery
 f - an uncursed amulet of faith {unknown}
 g - an uncursed ring of willpower {unknown}
Scrolls
 e - 2 scrolls of identify {unknown}
 h - a scroll of noise {unknown}
 i - a scroll of teleportation {unknown}
 j - a scroll of remove curse {unknown}
 k - a scroll of magic mapping {unknown}


   Skills:
 + Level 3.2 Fighting
 * Level 6.3 Polearms
 - Level 2.0 Throwing
 - Level 4.0 Dodging


You had 3 spell levels left.
You didn't know any spells.
Your spell library was empty.

Dungeon Overview and Level Annotations

Branches:
Dungeon (2/15)

Altars:
Qazlal

Annotations:
D:2 Robin


Message History

You hit Terence.
You kill Terence!
The goblin hits you with a +0 club!
* * * LOW HITPOINT WARNING * * *
Robin roars a battlecry!
The hobgoblin goes into a battle-frenzy!
The goblin completely misses you.
The frilled lizard hisses angrily.
Your Fighting skill increases to level 3!
Your Polearms skill increases to level 6!
You have reached level 4!
You puncture the hobgoblin!
You kill the hobgoblin!
The goblin hits you but does no damage. The goblin hits you.
* * * LOW HITPOINT WARNING * * *
Unknown command.
The goblin closely misses you.
The hobgoblin hits you but does no damage.
The goblin hits you.
You die...

. .######## #.## ## .#......
..# ..#. .(.....# #.# .#.
.#.....# #.#### ... ...#.
.......# ###....# #.#.....#
.#.....# #......###.#.#.#.#.#
.......###.....g##g.#.....#.#
##.........._..g@ggg#.#.#...#
†......##......###gg.........
##.....##......# #...........
###....##....### #...........
..#....#####.# #........###
#.#....# #.#####.g@........
..#..### #..............####
###..# ####...g...........
### ..................#


You could see Robin, 2 hobgoblins and 5 goblins.

Vanquished Creatures
  Terence (D:2)
  An ooze (D:2)
  A ball python (D:1)
  5 bats
  3 giant cockroaches (D:1)
  4 hobgoblins
  3 kobolds (D:1)
  4 frilled lizards
  6 goblins
  2 rats (D:1)
30 creatures vanquished.

Notes
Turn   | Place    | Note
-------+----------+-------------------------------------------
     0 | D:1      | nightchill the Merfolk Gladiator began the quest for the
                  | Orb.
     0 | D:1      | Reached XP level 1. HP: 16/16 MP: 1/1
    37 | D:1      | Reached XP level 2. HP: 17/23 MP: 2/2
    59 | D:1      | Reached skill level 5 in Polearms
   718 | D:2      | Reached XP level 3. HP: 26/28 MP: 3/3
   718 | D:2      | Found a stormy altar of Qazlal.
   759 | D:2      | Noticed Terence
   784 | D:2      | Noticed Robin
   805 | D:2      | Killed Terence
   806 | D:2      | Reached skill level 6 in Polearms
   806 | D:2      | Reached XP level 4. HP: 5/35 MP: 4/4
   807 | D:2      | Slain by a goblin

Illustrated notes

Levels and vault maps discovered:
D:1:      sevenhm_arrival_forest_fort_small_5, layout_rooms
D:2:      layout_rooms, zin_academy, nicolae_overflow_crystal_walls,
          serial_co_window_serial, co_window_cross_1,
          co_window_of_opportunity_a, co_window_corner_a,
          co_window_of_opportunity_a, co_window_paths_a,
          co_window_of_opportunity_b, co_window_unsneaky_path_e,
          co_window_unsneaky_path_d, co_window_broadway_c, co_window_2corner,
          co_window_of_opportunity_b, co_window_paths_c, glass_columns_c,
          glass_columns_a, glass_columns_a, glass_columns_c, glass_columns_a,
          uniq_terence, uniq_robin, uniq_sigmund

Skill      XL: |  1  2  3 |
---------------+----------+-----
Polearms       | 5 6 |  6.3
Fighting       | 3 |  3.2
Throwing       | |  2.0
Dodging        | |  4.0

Action                   |  1- 3 |  4- 6 || total
-------------------------+-------+-------++-------
Melee: Trident           |    97 |     1 ||    98
Throw: Throwing net      |     2 |       ||     2
  Use: Potion            |     1 |       ||     1
 Stab: Held in net/web   |     2 |       ||     2
Armor: Leather armour    |    17 |     1 ||    18
Dodge: Dodged            |    63 |     1 ||    64
